 Dungeon Crawl Stone Soup version 0.30-a0-134-gb40fab5c76 (webtiles) character file.

Game seed: 11286330169483817923

41 Jerej03 the Cutter (level 3, -1/26 HPs)
             Began as an Octopode Chaos Knight on Sept 19, 2022.
             Was a Plaything of Xom.
             Slain by a quokka (3 damage)
             ... on level 2 of the Dungeon.
             The game lasted 00:05:25 (1335 turns).

Jerej03 the Cutter (Octopode Chaos Knight)          Turns: 1335, Time: 00:05:25

Health: -1/26      AC:  1    Str: 13    XL:     3   Next: 52%
Magic:  3/3        EV: 13    Int: 14    God:    Xom [..*...]
Gold:   55         SH:  0    Dex: 11    Spells: 0/2 levels left

rFire   . . .      SeeInvis .    a - +0 short sword (chaos)
rCold   . . .      Faith    .    (no shield)
rNeg    . . .      Spirit   .    (helmet restricted)
rPois   .          Reflect  .    (no amulet)
rElec   .          Harm     .    g - ring of flight
rCorr   .          Rampage  .    (no ring)
Will    .....                    (no ring)
Stlth   ++........               (no ring)
HPRegen 0.08/turn                (no ring)
MPRegen 0.08/turn                (no ring)
                                 (no ring)
                                 (no ring)

@: flying
A: almost no armour, amphibious, 8 rings, camouflage 1, gelatinous body 1,
(nimble swimmer 1), tentacles
a: Renounce Religion


You were on level 2 of the Dungeon.
You worshipped Xom.
You were a toy of Xom.
You visited 1 branch of the dungeon, and saw 2 of its levels.

You collected 55 gold pieces.

Inventory:

Hand Weapons
 a - a +0 short sword of chaos (weapon)
 f - a +0 hand axe
 j - a +3 short sword of speed
Missiles
 c - 3 poisoned darts
 d - 32 stones
Jewellery
 g - a ring of flight (left tentacle)
Scrolls
 h - a scroll of blinking {unknown}
 i - a scroll of poison {unknown}
 k - a scroll of fog {unknown}
Potions
 e - a potion of curing {unknown}
Miscellaneous
 b - a piece from Xom's chessboard (15/15) (quivered)


   Skills:
 + Level 3.4 Fighting
 + Level 3.8 Short Blades
 + Level 2.7 Dodging


You couldn't memorise any spells.
You knew the following spells:

 Your Spells              Type           Power      Damage    Failure   Level
a - Blink                 Tloc           0%         N/A       41%         2

Your spell library contained the following spells:

 Spells                   Type           Power      Damage    Failure   Level
 Manifold Assault         Tloc           0%         N/A       96%         4
 Storm Form               Tmut/Air       0%         N/A       100%        7


Dungeon Overview and Level Annotations

Branches:
Dungeon (2/15)

Altars:


Innate Abilities, Weirdness & Mutations

You cannot wear most types of armour.
You are amphibious.
You can wear up to eight rings at the same time.
Your skin changes colour to match your surroundings (Stealth+).
Your rubbery body absorbs attacks. (AC +1, EV +1)
((You are camouflaged when in or above water. (Stealth+)))
You have tentacles for arms and can constrict up to eight enemies at once.


Message History

There is an open gate here.
There is a stone staircase leading down here.
You fly downwards.
Found an Inescapable Atlas.
Found a stone staircase leading up.
There is a stone staircase leading up here.
Found pearl dragon scales and a scroll labelled JEOVIRGH SIATHROT.
Found a stone staircase leading down.
Found 11 gold pieces.
Found a blue potion.
You pick up an Inescapable Atlas and begin reading...
You add the spells Blink, Manifold Assault and Storm Form to your library.
This spell is quite dangerous to cast!
Memorise Blink, consuming 2 spell levels and leaving 0?
You start memorising the spell.
You continue memorising. x2
You finish memorising.
Spell assigned to 'a'.
A quokka comes into view.
The quokka moves out of view.
A kobold comes into view. It is wielding a +0 short sword.
You see here 11 gold pieces.
You hit the quokka but do no damage. Your grab misses the quokka.
The quokka bites you.
You hit the quokka but do no damage.
The quokka flickers and vanishes!
Deactivating autopickup; reactivate with Ctrl-A.
Xom thinks this is hilarious!
Something bites you.
You miss something. Something bites you but does no damage.
You hit something.
You feel better.
Your tentacle-slap misses something.
Your squeeze misses something. Something bites you.
You hit something but do no damage. Something bites you.
You miss something. Something bites you.
You closely miss something. Something bites you.
You closely miss something. Something bites you.
You barely miss something. Your squeeze misses something. Something bites you.
* * * LOW HITPOINT WARNING * * *
You miss something. Your squeeze misses something. Something bites you.
* * * LOW HITPOINT WARNING * * *
You see here 11 gold pieces.
Something bites you.
You die... "Boring in life, boring in death..."

#?#.# ... #.# #.#
#$# ##.#######
###.###.........
.........########
###.###..@.......
##..###..########
..........#
##!####...##
#.....# #....#>#
#<#...[...
..........##?##.
##...##........


There were no monsters in sight!

Vanquished Creatures
  3 dart slugs (D:1)
  4 bats (D:1)
  3 endoplasms (D:1)
  A goblin (D:1)
  2 hobgoblins (D:1)
  5 jackals (D:1)
  7 kobolds (D:1)
  A quokka (D:1)
  A frilled lizard (D:1)
  2 rats (D:1)
29 creatures vanquished.

Vanquished Creatures (collateral kills)
  A goblin (D:1)
1 creature vanquished.

Vanquished Creatures (others)
  An endoplasm zombie (D:1)
1 creature vanquished.

Grand Total: 31 creatures vanquished

Notes
Turn   | Place    | Note
-------+----------+-------------------------------------------
     0 | D:1      | Jerej03 the Octopode Chaos Knight began the quest for the
                  | Orb.
     0 | D:1      | Reached XP level 1. HP: 16/16 MP: 1/1
    95 | D:1      | XOM: smoke on damage
   193 | D:1      | Reached XP level 2. HP: 21/21 MP: 2/2
   477 | D:1      | XOM: potion effect (brilliance)
   489 | D:1      | Reached XP level 3. HP: 13/26 MP: 3/3
  1054 | D:1      | XOM: silly message
  1266 | D:1      | XOM: divination: detect items
  1317 | D:2      | Learned a level 2 spell: Blink
  1335 | D:2      | Slain by a quokka

Illustrated notes

Levels and vault maps discovered:
D:1:      kennysheep_arrival_seaside, layout_basic, minmay_hexomino_f4
D:2:      layout_loops_ring, minmay_crystal_room

Action                   || total
-------------------------++-------
Melee: Short sword       ||    83
       Constrict         ||    18
       Tentacles         ||    11
       Punch             ||     4
 Stab: Sleeping          ||     2
Armor: Skin              ||    15
Dodge: Dodged            ||    71

Table legend: (Time is in decaauts)
 A = Elapsed time spent in this place.
 B = Non-inter-level travel time spent in this place.
 C = Inter-level travel time spent in this place.
 D = Time resting spent in this place.
 E = Time spent auto-exploring this place.
 F = Levels seen in this place.
 G = Mean time per level.
                   A        B        C        D        E       F      G
               +--------+--------+--------+--------+--------+-----+--------+
         Total |   1317 |   1307 |     10 |      0 |   1057 |   2 |  658.5 |
       Dungeon |   1317 |   1307 |     10 |      0 |   1057 |   2 |  658.5 |
               +--------+--------+--------+--------+--------+-----+--------+

Top non-repeatable levels by time:
     D:1: 1290 daAuts
     D:2: 27 daAuts
